 Dungeon Crawl Stone Soup version 0.28.0-1-gb440e238dd (webtiles) character file.

Game seed: 8413383769275663633

63 Descartes the Chucker (level 3, 0/18 HPs)
             Began as a Spriggan Wanderer on Feb 27, 2022.
             Succumbed to an adder's poison
             ... on level 3 of the Dungeon.
             The game lasted 00:05:24 (3029 turns).

Descartes the Chucker (Spriggan Wanderer)           Turns: 3029, Time: 00:05:25

Health: 0/18       AC:  2    Str:  8    XL:     3   Next: 89%
Magic:  6/6        EV: 16    Int: 13    God:
Gold:   80         SH:  6    Dex: 20    Spells: 4/4 levels left

rFire   . . .      SeeInvis +   a - +2 dagger
rCold   . . .      Faith    .   e - +0 buckler
rNeg    . . .      Spirit   .   f - +0 robe
rPois   .          Reflect  .   (helmet restricted)
rElec   +          Harm     .   (no cloak)
rCorr   .          Rampage  .   (gloves unavailable)
Will    .....                   (boots unavailable)
Stlth   ++........              (no amulet)
HPRegen 0.06/turn               (no ring)
MPRegen 0.10/turn               (no ring)

@: mighty, lethally poisoned (0 -> -3), slow
A: very small, no large weapons, unfitting armour, see invisible, speed 3, thin
skeletal structure 1, electricity resistance, strong 1, sturdy frame 1
a: no special abilities


You were on level 3 of the Dungeon.
You visited 1 branch of the dungeon, and saw 3 of its levels.

You collected 80 gold pieces.

Inventory:

Hand Weapons
 a - a +2 dagger (weapon)
 b - a +0 hunting sling
Missiles
 c - a curare-tipped dart (quivered)
 d - 41 sling bullets
 h - 112 stones
 n - 2 atropa-tipped darts
Armour
 e - a +0 buckler (worn)
 f - a +0 robe (worn)
Jewellery
 k - a ring of fire
Scrolls
 j - a scroll of fear
Potions
 g - a potion of mutation
 m - a potion of resistance {unknown}


   Skills:
 + Level 2.0 Fighting
 + Level 1.1 Short Blades
 + Level 2.0(4.3) Slings
 - Level 5.0(5.1) Throwing
 + Level 2.2 Dodging
 + Level 2.0 Stealth
 + Level 1.3 Shields
 + Level 1.4 Spellcasting


You had 4 spell levels left.
You didn't know any spells.
Your spell library was empty.

Dungeon Overview and Level Annotations

Branches:
Dungeon (3/15)

Altars:
Elyvilon
Wu Jian
Zin

Annotations:
D:2 Sigmund


Innate Abilities, Weirdness & Mutations

You are very small and have problems with some larger weapons.
You are too small for most types of armour.
You have supernaturally acute eyesight. (SInv)
You cover ground extremely quickly. (Speed+++)
You have a somewhat thin skeletal structure. (Dex +2, Stealth+)
You are resistant to electric shocks. (rElec)
Your muscles are strong. (Str +2)
Your movements are slightly less encumbered by armour. (ER -2)


Message History

The adder closely misses you.
Your unstable footing causes you to fumble your attack.
The adder misses you. The adder barely misses you.
You barely miss the adder.
The adder is lightly wounded.
The adder bites you.
You are poisoned.
The adder poisons you!
Your unstable footing causes you to fumble your attack.
You feel sick. The adder bites you.
You miss the adder.
The adder is lightly wounded.
You feel sick. You block the adder's attack. The adder misses you.
It was a potion of might.
You feel very mighty all of a sudden.
You feel sick.
You are no longer poisoned.
You block the adder's attack.
Your unstable footing causes you to fumble your attack.
The adder closely misses you.
Your unstable footing causes you to fumble your attack.
You block the adder's attack. The adder misses you.
You miss the adder.
The adder is lightly wounded.
The adder closely misses you.
Your unstable footing causes you to fumble your attack.
The adder closely misses you.
Your unstable footing causes you to fumble your attack.
The adder bites you.
* * * LOW HITPOINT WARNING * * *
You are lethally poisoned!
The adder poisons you!
You hit the adder.
The adder is severely wounded.
* * * LOW HITPOINT WARNING * * *
You feel sick. You block the adder's attack. The adder barely misses you.
Unknown command.
You hit the adder.
The adder is almost dead.
You die...

#### .#. ..
#.##
#...##########
#..##≈≈≈≈..≈≈##
#....########@#
#...## #S#
#...# #≈# #...#
#≈# ####..##
#≈# ......'#
#≈# ###..###
#≈# ###....##
≈## ........#


You could see an adder.

Vanquished Creatures
  2 adders (D:2)
  A river rat (D:3)
  2 dart slugs
  6 endoplasms
  2 giant cockroaches
  3 goblins
  A hobgoblin (D:1)
  4 ball pythons
  A bat (D:1)
  5 kobolds
  6 rats
33 creatures vanquished.

Notes
Turn   | Place    | Note
-------+----------+-------------------------------------------
     0 | D:1      | Descartes the Spriggan Wanderer began the quest for the
                  | Orb.
     0 | D:1      | Descartes set off with the following items: a +2 dagger, a
                  | curare-tipped dart, a +0 hunting sling, 21 sling bullets, a
                  | +0 buckler, a +0 robe
     0 | D:1      | Reached XP level 1. HP: 10/10 MP: 2/2
   433 | D:1      | Reached skill level 1 in Stealth
   433 | D:1      | Reached XP level 2. HP: 14/15 MP: 3/3
  1775 | D:2      | Reached skill level 1 in Spellcasting
  1775 | D:2      | Reached XP level 3. HP: 6/18 MP: 5/5
  2139 | D:2      | Found a glowing silver altar of Zin.
  2147 | D:2      | Noticed Sigmund
  2565 | D:2      | Reached skill level 1 in Short Blades
  2872 | D:3      | Gained mutation: Your movements are slightly less
                  | encumbered by armour. (ER -2) [potion of mutation]
  2872 | D:3      | Gained mutation: Your muscles are strong. (Str +2) [potion
                  | of mutation]
  2872 | D:3      | Gained mutation: You have a somewhat thin skeletal
                  | structure. (Dex +2, Stealth+) [potion of mutation]
  2872 | D:3      | Gained mutation: You are resistant to electric shocks.
                  | (rElec) [potion of mutation]
  2913 | D:3      | Found a white marble altar of Elyvilon.
  2917 | D:3      | Found an ornate altar of the Wu Jian Council.
  3029 | D:3      | Succumbed to an adder's poison

Illustrated notes

Levels and vault maps discovered:
D:1:      dpeg_arrival_stone_temple_mockup, layout_loops_ring,
          chequers_serial_rivers_small_3, bh_walls_and_bars
D:2:      layout_loops_ring, basic_altar,
          nicolae_concentric_dashed_squares_mild, chequers_hall_statues_wall_a,
          uniq_sigmund
D:3:      layout_basic, mainiacjoe_overflow_alcove_1,
          grunt_temple_overflow_open, serial_shops, shop, gup_sewer_entry_spiral

Skill      XL: |  1  2  3 |
---------------+----------+-----
Stealth        | 1 2 |  2.0
Dodging        | 2 |  2.2
Spellcasting   | 1 |  1.4
Short Blades   | 1 |  1.1
Fighting       | 2 |  2.0
Slings         | 2 |  2.0
Throwing       | |  5.0
Shields        | |  1.3

Action                   || total
-------------------------++-------
Melee: Dagger            ||   142
  Use: Scroll            ||     2
       Potion            ||     2
 Stab: Sleeping          ||     8
Armor: Robe              ||    10
Dodge: Dodged            ||    78
Block: Buckler           ||    31
